 Dungeon Crawl Stone Soup version 0.31-a0-325-g067879e3d3 (webtiles) character file.

Game seed: 15797021021164151566

841 AIAndy the Ruffian (level 8, 0/50 HPs)
             Began as an Octopode Shapeshifter on July 18, 2023.
             Slain by an ufetubus (4 damage)
             ... on level 3 of the Dungeon.
             The game lasted 00:10:43 (4118 turns).

AIAndy the Ruffian (Octopode Shapeshifter)          Turns: 4118, Time: 00:10:44

Health: 0/50       AC:  1    Str: 17    XL:     8   Next: 0%
Magic:  8/8        EV: 13    Int: 10    God:
Gold:   123        SH:  0    Dex: 12    Spells: 7/7 levels left

rFire   . .          .
                       - Unarmed
rCold   . . .        (no shield)
rNeg    . . .        (helmet currently unavailable)
rPois   .            (no amulet)
rElec   .            (no ring)
rCorr   .            (no ring)
SInv    .            (no ring)
Will    .....        (no ring)
Stlth   ++           (no ring)
HPRegen 0.28/turn    (no ring)
MPRegen 0.11/turn    (no ring)
                     (no ring)

%: no passive effects
@: lethally poisoned (0 -> -8), beast-form
A: beast (slay +4), almost no armour, amphibious, 8 rings, camouflage 1,
gelatinous body 1, (nimble swimmer 1), tentacles
a: Begin Untransformation


You were on level 3 of the Dungeon.
You were a hulking beast.
You visited 1 branch of the dungeon, and saw 4 of its levels.
You also visited: Sewer.

You collected 123 gold pieces.


Innate Abilities, Weirdness & Mutations

You are a hulking beast.
Your limbs bulge with bestial killing power. (Slay +4)
You cannot wear most types of armour.
You are amphibious.
You can wear up to eight rings at the same time.
Your skin changes colour to match your surroundings (Stealth+).
Your rubbery body absorbs attacks. (AC +1, EV +1)
((You are camouflaged when in or above water. (Stealth+)))
You have tentacles for arms and can constrict up to eight enemies at once.


   Skills:
 - Level 2.0 Fighting
 - Level 2.0 Dodging
 + Level 6.4 Unarmed Combat
 + Level 5.9 Shapeshifting


You had 7 spell levels left.
You didn't know any spells.
Your spell library was empty.

Inventory:

Hand Weapons
 s - a +0 short sword of holy wrath
Missiles
 i - 3 javelins
 o - 12 poisoned darts (quivered)
 r - a curare-tipped dart {=f}
Talismans
 b - a beast talisman
Wands
 t - a wand of charming (10)
Scrolls
 j - 2 scrolls of teleportation {unknown}
 l - 2 scrolls of fog
 q - 4 scrolls of revelation
Potions
 a - a potion of lignification {!q}
 c - 3 potions of might
 d - a potion of degeneration {unknown}
 e - 2 potions of attraction {unknown}
 f - 2 potions of enlightenment {unknown}
 g - 2 potions of curing {@q1}
 h - a potion of ambrosia {unknown}
 k - 2 potions of haste {unknown}
 m - a potion of heal wounds {unknown}
 n - 3 potions of invisibility {unknown}
 p - a potion of magic {unknown}

Dungeon Overview and Level Annotations

Branches:
Dungeon (4/15)              Sewer (visited)
 Temple: D:4-7

Altars:

Shops:
D:4 ?

Annotations:
D:3 1 runed translucent door, Crazy Yiuf
D:4 Edmund

..........▓.▓......##
#........# .▓▓▓.▓▓▓.▓▓.......##
#.##.###.. ............▓#...##
#......#.# ▓▓.▓▓▓.▓▓▓.▓▓##'##
#.##.#.#.# ##.######..# #.#
#.##.#.#.# .......##.#####.#
#.##.#.#.# .#.###.#......#.##
#.##.#.#.#
.#.###.#.####..S.#####
#........#
.#..............h....#
#......###
.#####.#.####...5###.######.###
.# #.#.####.#.## #........#
.#####.#......### ##########
.......######## ########


You could see an adder and an ufetubus.


Message History

The endoplasm jiggles.
The adder bites you.
You are more poisoned.
The adder poisons you! The ufetubus misses you. The ufetubus hits you.
* * * LOW HITPOINT WARNING * * *
The adder attacks as you move away! The adder closely misses you.
The ufetubus attacks as you move away! The ufetubus barely misses you.
The ufetubus hits you.
* * * LOW HITPOINT WARNING * * *
You feel sick.
The hound barks!
The adder bites you.
* * * LOW HITPOINT WARNING * * *
There is a stone staircase leading up here.
You feel sick. The ufetubus barely misses you. x2
The adder barely misses you. The ufetubus hits you.
* * * LOW HITPOINT WARNING * * *
The ufetubus closely misses you.
You climb upwards.
Level annotation: 1 runed translucent door, Crazy Yiuf You feel sick.
There is a stone staircase leading down here.
You barely miss the adder. You grab the adder. You constrict the adder.
You feel sick. The adder bites you.
* * * LOW HITPOINT WARNING * * *
You are lethally poisoned!
The adder poisons you! The ufetubus hits you.
* * * LOW HITPOINT WARNING * * *
The ufetubus hits you.
You die...

Skill      XL: |  1  2  3  4  5  6  7 |
---------------+----------------------+-----
Unarmed Combat | 3 4 5 6 |  6.4
Shapeshifting  | 4 5 |  5.9
Fighting       | |  2.0
Dodging        | |  2.0

Action                     |  1- 3 |  4- 6 |  7- 9 || total
---------------------------+-------+-------+-------++-------
  Melee: Unarmed           |    60 |   112 |    52 ||   224
         Constrict         |    16 |    28 |    14 ||    58
         Tentacles         |    11 |    20 |    11 ||    42
         Punch             |       |     3 |     1 ||     4
  Throw: Dart              |       |       |     2 ||     2
    Use: Scroll            |       |     8 |       ||     8
         Potion            |       |     2 |       ||     2
   Stab: Sleeping          |     8 |    10 |     4 ||    22
 Armour: Skin              |     3 |     6 |     1 ||    10
  Dodge: Dodged            |    36 |    59 |    34 ||   129

Levels and vault maps discovered:
D:1:      giann_bridges, layout_loops_ring
D:2:      layout_basic, grunt_ministairs_5, minmay_snake_closets
D:3:      minmay_general_purpose_star, layout_loops_corners,
          portal_sewer_entry_d, nicolae_concentric_dashed_squares_mild,
          corexii_shack, uniq_natasha, uniq_jessica, uniq_crazy_yiuf_cottage
D:4:      layout_gridville, chei_slow_surprise, kennysheep_mini, serial_shops,
          nicolae_shop_advertising_works [nicolae_subvault_shop_adworks], shop,
          uniq_edmund, uniq_duvessa

Notes
Turn   | Place    | Note
-------+----------+-------------------------------------------
     0 | D:1      | AIAndy the Octopode Shapeshifter began the quest for the
                  | Orb.
     0 | D:1      | Reached XP level 1. HP: 14/14 MP: 1/1
   110 | D:1      | Reached XP level 2. HP: 16/19 MP: 2/2
   461 | D:1      | Reached XP level 3. HP: 24/24 MP: 3/3
   870 | D:2      | Reached skill level 3 in Unarmed Combat
  1000 | D:2      | Reached XP level 4. HP: 19/29 MP: 4/4
  1181 | D:2      | Reached skill level 4 in Shapeshifting
  1215 | D:2      | Reached XP level 5. HP: 26/34 MP: 5/5
  1485 | D:2      | Reached skill level 4 in Unarmed Combat
  1957 | D:3      | Noticed Natasha
  1960 | D:3      | Killed Natasha
  2178 | D:3      | Noticed Jessica
  2182 | D:3      | Killed Jessica
  2183 | D:3      | Reached XP level 6. HP: 26/39 MP: 6/6
  2256 | D:3      | Found a glowing drain.
  2267 | Sewer    | Entered a sewer
  2550 | Sewer    | Reached skill level 5 in Unarmed Combat
  2589 | Sewer    | Reached skill level 5 in Shapeshifting
  2675 | Sewer    | Reached XP level 7. HP: 33/45 MP: 7/7
  2944 | D:3      | Noticed Natasha
  2948 | D:3      | Killed Natasha
  3295 | D:3      | Found a runed translucent door.
  3296 | D:3      | Noticed Crazy Yiuf
  3714 | D:4      | Noticed Edmund
  3942 | D:4      | Reached skill level 6 in Unarmed Combat
  4096 | D:4      | Found Bedarri's Magic Scroll Emporium.
  4102 | D:4      | Reached XP level 8. HP: 45/50 MP: 8/8
  4118 | D:3      | HP: 4/50 [ufetubus (3)]
  4118 | D:3      | Slain by an ufetubus

Vanquished Creatures
  An ogre (D:4)
  4 kobold brigands (Sewer)
  A scorpion (D:4)
  2 hounds (D:3)
  A sleepcap (D:2)
  Jessica (D:3)
  Natasha (twice) (D:3)
  2 orc wizards
  7 adders
  3 river rats (Sewer)
  6 worms
  2 dart slugs
  3 orcs
  15 ball pythons
  6 bats
  13 endoplasms
  2 giant cockroaches
  4 hobgoblins
  4 jackals
  2 quokkas
  3 frilled lizards
  6 goblins
  11 kobolds
  9 rats
110 creatures vanquished.

Table legend: (Time is in decaauts)
 A = Elapsed time spent in this place.
 B = Non-inter-level travel time spent in this place.
 C = Inter-level travel time spent in this place.
 D = Time resting spent in this place.
 E = Time spent auto-exploring this place.
 F = Levels seen in this place.
 G = Mean time per level.
                   A        B        C        D        E       F      G
               +--------+--------+--------+--------+--------+-----+--------+
         Total |   4100 |   3855 |    245 |     73 |   3038 |   5 |  820.0 |
       Dungeon |   3467 |   3222 |    245 |     73 |   2589 |   4 |  866.8 |
         Sewer |    632 |    632 |      0 |      0 |    449 |   1 |  632.0 |
               +--------+--------+--------+--------+--------+-----+--------+

Top non-repeatable levels by time:
     D:3: 1671 daAuts
     D:2: 1116 daAuts
   Sewer: 632 daAuts
     D:1: 632 daAuts
     D:4: 48 daAuts

Table legend:
 A = Non-vault XP
 B = Vault XP
 C = Vault XP percentage of total XP
 D = Non-vault monster count
 E = Vault monster count
 F = Vault count percentage of total count
                 A         B        C        D         E       F
            +---------+---------+-------+---------+---------+-------
      Total |     572 |     630 |  52.4 |      70 |      40 |  36.4
            +---------+---------+-------+---------+---------+-------
        D:1 |      35 |       0 |   0.0 |      22 |       0 |   0.0
        D:2 |     112 |      67 |  37.4 |      25 |      12 |  32.4
        D:3 |     175 |      98 |  35.9 |      17 |       7 |  29.2
        D:4 |     250 |       0 |   0.0 |       6 |       0 |   0.0
      Sewer |       0 |     465 | 100.0 |       0 |      21 | 100.0
            +---------+---------+-------+---------+---------+-------
